AoeStats
← KGUY1

Arena

509733363Analyzed
3v3 RM · 3d ago on Sep 27, 2026· 51m 5s· 6 players
Game mode
Random Map
Map size
Normal (6 player)
Population
200
Speed
Normal
Resources
Standard
Victory
Conquest
Starting age
Dark Age
Ending age
Imperial Age
RankedLock teamsTeams togetherTeam positionsShared explorationLock speedFull tech treeHidden civsTurbo modeCheats
Victory
Defeat
🇦🇷 Danes · Argentina
1062
+16
🇦🇷 Spanish · Argentina
1046
+16
🇵🇰 Jurchens · Pakistan
1034
+16
🇨🇴 Britons · Colombia
1052
-16
🇪🇸 Portuguese · Spain
1050
-16
🇩🇪 Burgundians · Germany
1049
-16
KGUY1
10:56 Feudal Age
12:20 Double-Bit Axe
15:09 Castle Age
15:16 Loom
18:35 Bow Saw
19:25 Arson
21:15 Forging
21:43 Squires
22:22 Horse Collar
24:13 Scale Mail Armor
26:11 Iron Casting
27:43 Chain Mail Armor
27:59 Hamask
33:40 Imperial Age
32:43 Wheelbarrow
34:24 Heavy Plow
34:27 Capped Ram
36:55 Stone Mining
36:58 Gold Mining
36:37 Siege Ram
37:26 Fletching
39:45 Conscription
41:26 Bodkin Arrow
41:48 Siege Engineers
41:33 Elite Jomsviking
41:42 Northmen's Fury
48:29 Elite Varangian Guard
48:56 Gambesons
50:25 Plate Mail Armor
51:03 Blast Furnace
stink
10:59 Feudal Age
15:05 Castle Age
12:59 Double-Bit Axe
12:58 Horse Collar
21:21 Wheelbarrow
22:56 Padded Archer Armor
24:31 Bow Saw
25:59 Stone Mining
26:35 Heavy Plow
26:26 Loom
30:32 Imperial Age
28:43 Gold Mining
29:32 Stone Shaft Mining
29:34 Leather Archer Armor
30:02 Gold Shaft Mining
30:08 Siege Engineers
30:52 Hand Cart
32:20 Chemistry
34:41 Coinage
35:13 Thunderclap Bombs
35:24 Conscription
41:08 Thunderclap Bombs
42:18 Conscription
43:19 Ring Archer Armor
yeSenpai
11:17 Feudal Age
12:15 Feudal Age
16:27 Castle Age
14:55 Double-Bit Axe
14:51 Horse Collar
18:02 Bow Saw
19:52 Loom
20:46 Wheelbarrow
20:14 Heavy Plow
21:18 Gold Mining
22:05 Forging
25:06 Loom
25:17 Stone Mining
26:00 Scale Barding Armor
26:42 Iron Casting
29:09 Husbandry
29:20 Bloodlines
32:09 Imperial Age
30:41 Hand Cart
31:43 Chain Barding Armor
32:31 Fletching
32:20 Cavalier
34:25 Blast Furnace
34:28 Two-Man Saw
34:11 Paladin
36:00 Plate Barding Armor
38:54 Conscription
38:36 Bodkin Arrow
45:38 Elite Conquistador
pablov02
1:45 Loom
11:16 Feudal Age
15:11 Castle Age
13:06 Double-Bit Axe
14:07 Stone Mining
15:24 Loom
16:56 Horse Collar
19:09 Bow Saw
19:54 Wheelbarrow
22:18 Gold Mining
23:45 Hand Cart
25:20 Heavy Plow
29:08 Imperial Age
27:17 Fletching
27:53 Bodkin Arrow
27:59 Padded Archer Armor
28:44 Ballistics
27:56 Crossbowman
28:41 Thumb Ring
29:38 Leather Archer Armor
29:01 Pikeman
29:27 Gambesons
30:12 Conscription
30:07 Bracer
31:21 Ring Archer Armor
32:24 Chemistry
33:09 Two-Man Saw
32:28 Arbalester
33:52 Scale Mail Armor
34:25 Crop Rotation
33:24 Elite Skirmisher
35:13 Arquebus
36:34 Halberdier
38:25 Chain Mail Armor
38:20 Forging
38:47 Masonry
39:28 Plate Mail Armor
41:28 Iron Casting
46:25 Murder Holes
Blijadmann
10:47 Feudal Age
12:07 Loom
13:34 Double-Bit Axe
16:23 Castle Age
15:08 Bow Saw
14:41 Horse Collar
14:53 Gold Mining
16:59 Heavy Plow
20:23 Scale Barding Armor
23:55 Crossbowman
25:32 Fletching
42:00 Husbandry
44:38 Cavalier
47:17 Chain Barding Armor
48:21 Forging
jadm9612
11:06 Feudal Age
16:16 Castle Age
14:17 Double-Bit Axe
14:14 Horse Collar
16:58 Wheelbarrow
24:08 Town Watch
24:09 Loom
26:42 Padded Archer Armor
26:32 Fletching
28:04 Bow Saw
29:30 Hand Cart
29:16 Town Patrol
30:30 Ballistics
34:16 Imperial Age
31:55 Gold Mining
32:28 Leather Archer Armor
32:09 Bodkin Arrow
35:39 Yeomen
34:40 Elite Longbowman
35:21 Stone Mining
37:38 Conscription
37:51 Ring Archer Armor
37:11 Pikeman
37:52 Squires
39:32 Scale Mail Armor
39:32 Bracer
39:43 Forging
39:07 Heavy Scorpion
40:01 Warwolf
41:26 Chain Mail Armor
41:04 Halberdier
41:37 Halberdier
42:07 Halberdier
Connection lost

Rejoining the realm…

Still unreachable

The connection could not be restored.

Session expired

The server has moved on; the page needs a fresh start.